 Dungeon Crawl Stone Soup version 0.31-a0-523-g071a6c1ffa (webtiles) character file.

Game seed: 12530662252401430686

207932 cforsyth the Prestidigitator (level 18, -2/121 (128) HPs)
             Began as a Gnoll Artificer on Aug 11, 2023.
             Was the Champion of Hepliaklqana.
             Shot with an arrow by a deep elf archer (17 damage)
             ... on level 1 of the Shoals on Aug 12, 2023.
             The game lasted 01:09:56 (46950 turns).

cforsyth the Prestidigitator (Gnoll Artificer)     Turns: 46950, Time: 01:09:57

HP:   -2/121 (128)  AC: 31    Str: 20    XL:     18   Next: 77%
MP:   43/43         EV: 17    Int: 18    God:    Hepliaklqana [******]
Gold: 1326          SH: 13    Dex: 17    Spells: 42/42 levels left

rFire   + . .        K - +3 scimitar of Kiqiaste {freeze, rC+ MP+9}
rCold   + . .        w - +0 kite shield
rNeg    . . .        k - +8 plate armour "Feimac" {rElec Dex+4}
rPois   +            u - +0 helmet
rElec   +            A - +0 cloak "Piarphowk" {rF+ Regen+ MP+9 Str+3}
rCorr   .            M - +1 pair of gloves of Odeac {+Inv rPois MP-9 Str+5}
SInv    +            B - +0 pair of boots
Will    +....        o - amulet of the acrobat
Stlth   +            G - ring of see invisible
HPRegen 1.20/turn    U - +5 ring of evasion
MPRegen 0.28/turn

%: acrobat
@: drained, very slow
A: reduced essence, fangs 1, strong nose, distributed training
}: 1/15 runes: gossamer
a: Renounce Religion, Evoke Invisibility, Recall Ancestor, Ancestor Identity,
Transference, Idealise


You were on level 1 of the Shoals.
You worshipped Hepliaklqana.
Hepliaklqana was exalted by your worship.
You visited 5 branches of the dungeon, and saw 27 of its levels.

You collected 2688 gold pieces.
You spent 1362 gold pieces at shops.

Inventory:

Hand Weapons
 l - the +9 mace "Vaeq" {heavy, Int+4}
   (You found it on level 5 of the Lair of Beasts)

   Int+4:     It affects your intelligence (+4).
 D - the +6 flail of Massacring {holy, rCorr Str+4}
   (You found it on level 6 of the Dungeon)

   Str+4:     It affects your strength (+4).
   rCorr:     It protects you from acid and corrosion.
 K - the +3 scimitar of Kiqiaste (weapon) {freeze, rC+ MP+9}
   (You found it on level 12 of the Dungeon)

   rC+:       It protects you from cold.
   MP+9:      It affects your magic capacity (+9).
 V - a +0 demon blade of draining
Armour
 k - the +8 plate armour "Feimac" (worn) {rElec Dex+4}
   (You bought it in a shop on level 2 of the Orcish Mines)

   Dex+4:     It affects your dexterity (+4).
   rElec:     It insulates you from electricity.
 n - the +1 leather armour "Forget-Me-Not" {Int+3}
   (You found it on level 2 of the Dungeon)

   Int+3:     It affects your intelligence (+3).
 u - a +0 helmet (worn)
 w - a +0 kite shield (worn)
 A - the +0 cloak "Piarphowk" (worn) {rF+ Regen+ MP+9 Str+3}
   (You acquired it on level 13 of the Dungeon)

   Str+3:     It affects your strength (+3).
   rF+:       It protects you from fire.
   MP+9:      It affects your magic capacity (+9).
   Regen+:    It increases your rate of health regeneration.
 B - a +0 pair of boots (worn)
 M - the +1 pair of gloves of Odeac (worn) {+Inv rPois MP-9 Str+5}
   (You bought it in a shop on level 10 of the Dungeon)

   Str+5:     It affects your strength (+5).
   rPois:     It protects you from poison MP-9: It affects your magic capacity
   (-9).
   +Inv:      It lets you turn invisible.
 N - a +2 cloak
Jewellery
 o - an amulet of the acrobat (around neck)
 G - a ring of see invisible (left hand)
 U - a +5 ring of evasion (right hand)
 X - a ring of positive energy
 Z - a ring of ice
Wands
 c - a wand of flame (82) (quivered)
 d - a wand of charming (6)
 e - a wand of iceblast (10)
 i - a wand of mindburst (12)
 I - a wand of paralysis (16)
 S - a wand of quicksilver (8)
 T - a wand of polymorph (6)
Scrolls
 a - 3 scrolls of blinking
 g - 7 scrolls of enchant armour {unknown}
 j - 7 scrolls of teleportation
 t - 2 scrolls of torment
 x - 3 scrolls of fog
 y - 5 scrolls of summoning {unknown}
 z - 6 scrolls of vulnerability
 H - 3 scrolls of brand weapon
 J - 6 scrolls of amnesia
 L - 3 scrolls of fear
 O - 3 scrolls of enchant weapon
 R - 5 scrolls of immolation
 Y - a scroll of poison
Potions
 f - 4 potions of curing
 h - a potion of cancellation
 m - 7 potions of heal wounds
 p - 4 potions of attraction
 r - 4 potions of might
 s - 5 potions of enlightenment
 v - 2 potions of lignification
 C - 2 potions of invisibility
 E - 2 potions of brilliance
 F - 3 potions of mutation
 Q - 6 potions of ambrosia
 W - 6 potions of haste
Miscellaneous
 b - a phial of floods
 q - a phantom mirror


   Skills:
 + Level 13.1 Fighting
 + Level 12.8 Short Blades
 + Level 12.8 Long Blades
 + Level 12.8 Axes
 + Level 12.8 Maces & Flails
 + Level 12.8 Polearms
 + Level 12.8 Staves
 + Level 12.8 Ranged Weapons
 + Level 12.8 Throwing
 + Level 13.6 Armour
 + Level 13.1 Dodging
 + Level 13.0 Stealth
 + Level 12.8 Shields
 + Level 12.8 Unarmed Combat
 + Level 12.8 Spellcasting
 + Level 10.9 Conjurations
 + Level 10.9 Hexes
 + Level 10.9 Summonings
 + Level 10.9 Necromancy
 + Level 10.9 Translocations
 + Level 10.9 Transmutations
 + Level 10.9 Fire Magic
 + Level 10.9 Ice Magic
 + Level 10.9 Air Magic
 + Level 10.9 Earth Magic
 + Level 10.9 Poison Magic
 + Level 13.9 Invocations
 + Level 14.3 Evocations
 + Level 10.9 Shapeshifting


You had 42 spell levels left.
You didn't know any spells.
Your spell library contained the following spells:

 Spells                   Type           Power      Damage    Failure   Level
 Magic Dart               Conj           100%       1d8       1%          1
 Necrotise                Necr           100%       1d9       1%          1
 Blink                    Tloc           100%       N/A       2%          2
 Call Imp                 Summ           100%       N/A       2%          2
 Cigotuvi's Dreadful Rot  Necr/Pois/Air  100%       N/A       2%          2
 Searing Ray              Conj           100%       2d8       2%          2
 Static Discharge         Conj/Air       100%       2-7/arc   2%          2
 Sublimation of Blood     Necr           50%        N/A       2%          2
 Wereblood                Tmut           50%        N/A       2%          2
 Call Canine Familiar     Summ           50%        N/A       4%          3
 Gell's Gravitas          Tloc           50%        N/A       4%          3
 Inner Flame              Hex/Fire       50%        N/A       4%          3
 Mephitic Cloud           Conj/Pois/Air  50%        N/A       4%          3
 Portal Projectile        Hex/Tloc       100%       N/A       4%          3
 Teleport Other           Tloc           50%        N/A       4%          3
 Vampiric Draining        Necr           50%        2d9       4%          3
 Vhi's Electric Charge    Tloc/Air       100%       N/A       4%          3
 Airstrike                Air            25%        2d(4-20)  14%         4
 Animate Dead             Necr           50%        N/A       14%         4
 Dispel Undead            Necr           50%        3d19      14%         4
 Flame Wave               Conj/Fire      50%        2d12      14%         4
 Fulminant Prism          Conj/Hex       25%        3d14      14%         4
 Iskenderun's Mystic Bla  Conj/Tloc      50%        2d11      14%         4
 Leda's Liquefaction      Hex/Erth       25%        N/A       14%         4
 Manifold Assault         Tloc           50%        N/A       14%         4
 Olgreb's Toxic Radiance  Pois           50%        N/A       14%         4
 Sticky Flame             Conj/Fire      50%        2d7       14%         4
 Summon Lightning Spire   Summ/Air       50%        N/A       14%         4
 Agony                    Necr           50%        N/A       38%         5
 Arcjolt                  Conj/Air       25%        1d35      38%         5
 Lee's Rapid Deconstruct  Erth           25%        3d14*     38%         5
 Conjure Ball Lightning   Conj/Air       25%        3x3d7     92%         6
 Death Channel            Necr           25%        N/A       92%         6
 Dispersal                Tloc           25%        N/A       92%         6
 Leda's Unmaking          Conj/Erth      25%        9d5       92%         6
 Plasma Beam              Fire/Air       25%        2x1d37    92%         6
 Starburst                Conj/Fire      25%        6d8       92%         6
 Haunt                    Necr/Summ      25%        N/A       100%        7
 Summon Hydra             Summ           25%        N/A       100%        7
 Discord                  Hex            25%        N/A       100%        8
 Ignition                 Fire           25%        3d8       100%        8
 Infestation              Necr           25%        N/A       100%        8


Dungeon Overview and Level Annotations

Branches:
Dungeon (15/15)            Temple (0/1) D:6            Lair (5/5) D:10
 Shoals (1/4) Lair:2       Spider (4/4) Lair:3        Slime (0/5) Lair:4
    Orc (2/2) D:11            Elf (0/3) Orc:2        Vaults (0/5) D:13
 Depths (0/4) D:15

Altars:
Dithmenos
Gozag
Hepliaklqana
Qazlal
Ru
Sif Muna
Uskayaw
Vehumet
Xom

Shops:
D:10 [   Orc:2 ([([(

Annotations:
D:15 2 runed translucent doors, SirDiesAlot's ghost, journeyman MiFi
Spider:1 Roxanne


Innate Abilities, Weirdness & Mutations

Your life essence is reduced to manifest your ancestor. (-10% HP)
You have very sharp teeth.
Your uncanny sense of smell can sniff out nearby items.
Your experience applies equally to all skills.


Message History

You are too injured to fight recklessly!
You are too injured to fight recklessly!
You are too injured to fight recklessly!
You are too injured to fight recklessly!
You are too injured to fight recklessly!
You are too injured to fight recklessly!
You are too injured to fight recklessly!
You are too injured to fight recklessly!
You are too injured to fight recklessly!
You are too injured to fight recklessly!
You are too injured to fight recklessly!
You are too injured to fight recklessly!
You are too injured to fight recklessly!
You are too injured to fight recklessly!
You are too injured to fight recklessly!
You are too injured to fight recklessly!
You slash the deep elf knight! You freeze the deep elf knight.
The deep elf knight is severely wounded.
The deep elf knight splashes around in the water.
Kendra misses the ghostly deep elf death mage.
You closely miss the deep elf knight.
The deep elf knight is severely wounded.
The deep elf knight hits you with a +0 short sword!
* * * LOW HITPOINT WARNING * * *
The deep elf archer gestures at you while chanting.
You resist with some effort.
The deep elf zephyrmancer casts a spell at you.
The bolt of lightning hits you but does no damage.
You resist.
Kendra hits the ghostly deep elf death mage with a +0 quarterstaff!!
The deep elf knight hits you but does no damage.
You slice the deep elf knight!! You freeze the deep elf knight.
You kill the deep elf knight!
You hear a splash. x2
The ghostly deep elf death mage draws life force from you!
* * * LOW HITPOINT WARNING * * *
The ghostly deep elf death mage is healed by the life force!
You block the deep elf zephyrmancer's attack.
The deep elf archer shoots an arrow.
The arrow hits you!
You die...

≈....~[# ∆ ∆
≈≈≈≈≈≈≈~≈~~~~ ......>##
#~~~~~~≈≈~≈≈≈≈≈≈≈~≈~~~~
........##
.~~~~..~≈≈≈≈≈≈≈≈≈≈~~~~
.........##
:~~...~≈~≈≈≈≈≈≈≈≈≈≈~~
..........# ~~.....≈≈~≈
≈≈≈≈≈~~ .....)....#
##~~.~~..~~≈ ≈≈≈≈≈~≈
~........## #~!R~~~~.~≈~
≈≈≈≈≈≈≈ ~........#
##~~~e)~~~.~≈ ≈≈≈≈≈≈≈
~~.......# #~~~~@~~~....
≈≈≈≈≈≈≈
≈~~......###~)~e)...~...
~≈≈≈≈##
≈≈~~..#..~##~~~#~.e~~[.~∆
≈######
≈≈~~~.##~~##~~###~#'###~
#. ≈≈≈~~.###~~#)~# ##..#
#. ≈≈≈~~~###~~†~## ∆)#
#### ##. ≈≈≈~~~.####### #
###..###..
≈≈≈~~.....#####
###.........
≈≈≈~~...).~≈≈≈#####
#..........~


You could see the friendly Kendra the battlemage, a ghostly deep elf death mage
(ally target), a deep elf archer (repels missiles) and a deep elf zephyrmancer.

Vanquished Creatures
  Donald (Spider:4)
  3 emperor scorpions
  A deep elf sorcerer (Shoals:1)
  4 ghost moths
  A very ugly thing (D:15)
  A spark wasp (Spider:2)
  2 dire elephants (Lair:5)
  The ghost of Newt the Basher, a journeyman DsFi of Makhleb (D:12)
  Harold (D:11)
  An entropy weaver (Spider:4)
  4 hydras
  2 rakshasas
  A merfolk avatar (Shoals:1)
  2 jorogumos
  A boulder beetle (D:11)
  2 radroaches
  A dancing weapon (D:12)
  A centaur warrior (Shoals:1)
  2 two-headed ogres
  A death yak (Lair:5)
  5 demonic crawlers
  An orc high priest (D:11)
  Urug (Orc:1)
  2 deep elf knights (Shoals:1)
  A sun moth (Lair:3)
  2 skeletal warriors
  3 sea snakes (Shoals:1)
  A spectral anaconda (Lair:5)
  An obsidian statue (Lair:5)
  3 orb spiders
  An orc knight (D:11)
  8 steelbarb worms
  5 harpies (Shoals:1)
  2 deep elf pyromancers (D:11)
  6 deep elf zephyrmancers
  A deep elf archer (D:13)
  3 necromancers (Lair:5)
  16 wolf spiders
  A salamander (shapeshifter) (D:15)
  13 ugly things
  2 orc sorcerers (Orc:2)
  An oklob plant (Lair:2)
  A moth of wrath (Spider:2)
  4 manticores
  2 dire elephant zombies (Lair:5)
  5 cyclopes
  Maurice (D:11)
  An elephant (Lair:5)
  2 black mambas
  2 centaur skeletons (D:13)
  5 torpor snails
  An orange demon (D:10)
  9 cane toads
  A gargoyle (D:13)
  A kobold demonologist (D:13)
  2 yaktaurs (D:13)
  4 komodo dragons
  5 trolls
  A red devil (D:10)
  5 meliai
  13 blink frogs
  2 dream sheep (Shoals:1)
  11 tarantellas
  11 jumping spiders
  8 slime creatures
  11 culicivoras
  2 vampires
  A water elemental (Shoals:1)
  5 wyverns
  5 wraiths
  11 vampire mosquitoes
  A death yak simulacrum (Lair:5)
  20 yaks
  3 wargs
  24 redbacks
  A spectral cane toad (Lair:5)
  Edmund (D:5)
  An acid dragon (D:10)
  8 water moccasins
  15 orc warriors
  2 sky beasts
  3 ice beasts
  A centaur (D:9)
  3 wolves (Lair:1)
  2 ogres
  An elephant skeleton (Lair:5)
  7 kobold brigands
  6 bullfrogs
  3 scorpions
  2 cane toad simulacra (Lair:5)
  7 wights (D:8)
  An elephant simulacrum (Lair:5)
  12 killer bees
  An electric eel (Spider:2)
  2 howler monkeys
  A hound (D:5)
  12 orc priests
  2 sleepcaps
  4 iguanas
  9 orc wizards
  A boggart skeleton (D:13)
  4 gnolls (D:4)
  5 adders
  A shadow imp (D:8)
  4 white imps
  3 ufetubi (D:5)
  3 dart slugs
  43 orcs
  3 ball pythons
  5 bats
  7 endoplasms
  A giant cockroach (D:3)
  8 goblins
  12 hobgoblins
  4 quokkas
  4 frilled lizards
  27 kobolds
  8 rats
542 creatures vanquished.

Vanquished Creatures (collateral kills)
  Rupert (Lair:5)
  7 emperor scorpions
  3 ghost moths
  An orc warlord (Orc:2)
  2 dire elephants (Lair:5)
  An ettin (shapeshifter) (D:15)
  A spark wasp (Spider:4)
  The ghost of Wavoedoo the Peltast, a journeyman MiFi of Trog (Lair:3)
  5 merfolk impalers (Shoals:1)
  Josephine (Lair:4)
  3 entropy weavers
  4 rakshasas (D:13)
  A hydra (Lair:3)
  2 catoblepae
  2 centaur warriors
  4 radroaches
  A jorogumo (Spider:3)
  3 dancing weapons
  4 boulder beetles
  The ghost of HilariousDeathArtist the Carver, a journeyman TeNe (Lair:1)
  4 demonic crawlers
  2 death yaks
  2 spectral dire elephants (Lair:5)
  A deep elf knight (Shoals:1)
  A skyshark (Shoals:1)
  3 skeletal warriors
  5 pharaoh ants
  3 sea snakes (Shoals:1)
  A spectral death yak (Lair:5)
  A glowing orange brain (D:15)
  12 orb spiders
  10 wolf spiders
  A lindwurm (Lair:4)
  2 orc knights
  3 deep elf pyromancers
  4 steelbarb worms
  4 deep elf zephyrmancers
  An orc sorcerer (Orc:2)
  3 oklob plants (Lair:2)
  3 cyclopes
  4 manticores
  7 ugly things
  2 moths of wrath
  4 elephants (Lair:5)
  2 merfolk sirens (Shoals:1)
  2 black mambas
  2 dire elephant skeletons (Lair:5)
  4 orange demons (D:10)
  3 torpor snails
  15 cane toads
  An unseen horror (D:12)
  A centaur skeleton (D:13)
  3 rime drakes
  7 komodo dragons
  2 yaktaurs (D:13)
  A tengu conjurer (D:13)
  7 trolls
  A red devil (D:10)
  A polar bear (Lair:4)
  17 blink frogs
  12 tarantellas
  A hornet (D:11)
  2 merfolk (Shoals:1)
  3 dream sheep
  3 snapping turtles
  7 slime creatures
  12 jumping spiders
  17 culicivoras
  A wraith (Lair:4)
  14 yaks
  A wyvern (Lair:2)
  2 basilisks
  2 water elementals (Shoals:1)
  6 vampire mosquitoes
  2 steam dragons
  28 redbacks
  A death yak simulacrum (Lair:5)
  A spectral cane toad (Lair:5)
  A warg (D:10)
  6 water moccasins
  An acid dragon (D:11)
  24 orc warriors
  7 wolves
  An ogre (Orc:2)
  4 centaurs
  An elephant skeleton (Lair:5)
  3 kobold brigands
  11 bullfrogs
  A wight (D:8)
  7 killer bees (D:9)
  2 electric eels
  13 orc priests
  12 orc wizards
  46 orcs
  15 kobolds
470 creatures vanquished.

Vanquished Creatures (others)
  A broodmother (Spider:2)
  A jumping spider (Spider:3)
  A redback (Spider:2)
  A vampire mosquito (D:11)
  A water moccasin (D:5)
  An orc priest (D:9)
  53 battlemagi
  4 ancestors
  An orc (Orc:2)
64 creatures vanquished.

Grand Total: 1076 creatures vanquished

Notes
Turn   | Place    | Note
-------+----------+-------------------------------------------
     0 | D:1      | cforsyth the Gnoll Artificer began the quest for the Orb.
     0 | D:1      | Reached XP level 1. HP: 17/17 MP: 1/1
   224 | D:1      | Reached XP level 2. HP: 21/23 MP: 2/2
   717 | D:1      | Reached XP level 3. HP: 24/28 MP: 3/3
   899 | D:1      | Found a faded altar of an unknown god.
  1067 | D:1      | Reached skill level 1 in Invocations
  1293 | D:2      | Reached skill level 1 in Short Blades
  1293 | D:2      | Reached skill level 1 in Long Blades
  1293 | D:2      | Reached skill level 1 in Axes
  1293 | D:2      | Reached skill level 1 in Maces & Flails
  1293 | D:2      | Reached skill level 1 in Polearms
  1293 | D:2      | Reached skill level 1 in Staves
  1293 | D:2      | Reached skill level 1 in Ranged Weapons
  1293 | D:2      | Reached skill level 1 in Throwing
  1293 | D:2      | Reached skill level 1 in Shields
  1293 | D:2      | Reached skill level 1 in Unarmed Combat
  1293 | D:2      | Reached skill level 1 in Spellcasting
  1296 | D:2      | Identified the +1 leather armour "Forget-Me-Not" {Int+3}
  2029 | D:3      | Reached XP level 4. HP: 26/34 MP: 5/5
  2591 | D:3      | Reached skill level 1 in Conjurations
  2591 | D:3      | Reached skill level 1 in Hexes
  2591 | D:3      | Reached skill level 1 in Summonings
  2591 | D:3      | Reached skill level 1 in Necromancy
  2591 | D:3      | Reached skill level 1 in Translocations
  2591 | D:3      | Reached skill level 1 in Transmutations
  2591 | D:3      | Reached skill level 1 in Fire Magic
  2591 | D:3      | Reached skill level 1 in Ice Magic
  2591 | D:3      | Reached skill level 1 in Air Magic
  2591 | D:3      | Reached skill level 1 in Earth Magic
  2591 | D:3      | Reached skill level 1 in Poison Magic
  2591 | D:3      | Reached skill level 1 in Shapeshifting
  2859 | D:4      | HP: 1/34 [iguana (2)]
  3034 | D:4      | Noticed a scorpion
  3046 | D:4      | Killed a scorpion
  3047 | D:4      | Reached XP level 5. HP: 17/40 MP: 5/7
  3209 | D:4      | Reached XP level 6. HP: 34/47 MP: 8/8
  3548 | D:4      | Found a stormy altar of Qazlal.
  3845 | D:4      | Reached skill level 5 in Armour
  4259 | D:4      | Found a sacrificial altar of Ru.
  4377 | D:4      | Found a shimmering blue altar of Sif Muna.
  4419 | D:4      | Found a hazy altar of Hepliaklqana.
  4653 | D:4      | Became a worshipper of Hepliaklqana the Forgotten
  4673 | D:5      | Entered Level 5 of the Dungeon
  4887 | D:5      | Noticed Edmund
  4909 | D:5      | Killed Edmund
  4910 | D:5      | Reached skill level 7 in Evocations
  4910 | D:5      | Reached XP level 7. HP: 36/52 MP: 10/10
  5752 | D:6      | Reached * piety under Hepliaklqana
  5851 | D:6      | Reached XP level 8. HP: 42/54 MP: 12/12
  6071 | D:6      | Found a staircase to the Ecumenical Temple.
  6072 | D:6      | Identified the +6 flail of Massacring {holy, rCorr Str+4}
  6211 | D:6      | Identified the +1 robe of Xizapt {rC+ Str+4}
  6596 | D:7      | Noticed a wyvern
  6604 | D:7      | Killed a wyvern
  7028 | D:7      | Reached XP level 9. HP: 48/59 MP: 14/14
  7658 | D:8      | Reached skill level 5 in Fighting
  7658 | D:8      | Reached skill level 5 in Dodging
  7704 | D:8      | Noticed a two-headed ogre
  7724 | D:8      | Killed a two-headed ogre
  7725 | D:8      | Reached skill level 5 in Stealth
  7725 | D:8      | Reached skill level 5 in Invocations
  7725 | D:8      | Reached skill level 8 in Evocations
  7948 | D:8      | Reached ** piety under Hepliaklqana
  7949 | D:8      | Remembered your ancestor Kendra as a battlemage
  8452 | D:8      | Reached XP level 10. HP: 36/66 MP: 17/17
  8687 | D:8      | Found an opulent altar of Gozag.
  8751 | D:9      | Reached skill level 5 in Short Blades
  8751 | D:9      | Reached skill level 5 in Long Blades
  8751 | D:9      | Reached skill level 5 in Axes
  8751 | D:9      | Reached skill level 5 in Maces & Flails
  8751 | D:9      | Reached skill level 5 in Polearms
  8751 | D:9      | Reached skill level 5 in Staves
  8751 | D:9      | Reached skill level 5 in Ranged Weapons
  8751 | D:9      | Reached skill level 5 in Throwing
  8751 | D:9      | Reached skill level 5 in Shields
  8751 | D:9      | Reached skill level 5 in Unarmed Combat
  8751 | D:9      | Reached skill level 5 in Spellcasting
  8982 | D:9      | Noticed a purple ugly thing
  9000 | D:9      | Killed a purple ugly thing
  9858 | D:10     | Entered Level 10 of the Dungeon
 10052 | D:10     | Found a staircase to the Lair.
 10062 | D:10     | Reached *** piety under Hepliaklqana
 10391 | D:10     | Found a shimmering altar of Xom.
 10425 | D:10     | Noticed an orange demon
 10425 | D:10     | Noticed an orange demon
 10425 | D:10     | Noticed an orange demon
 10430 | D:10     | Killed an orange demon
 10444 | D:10     | HP: 3/69 [barbs]
 10620 | D:10     | Found Juydai's Antique Armour Emporium.
 10635 | D:10     | Reached XP level 11. HP: 63/74 MP: 19/19
 10636 | D:10     | Reached skill level 9 in Evocations
 10669 | D:10     | Reached skill level 5 in Conjurations
 10669 | D:10     | Reached skill level 5 in Hexes
 10669 | D:10     | Reached skill level 5 in Summonings
 10669 | D:10     | Reached skill level 5 in Necromancy
 10669 | D:10     | Reached skill level 5 in Translocations
 10669 | D:10     | Reached skill level 5 in Transmutations
 10669 | D:10     | Reached skill level 5 in Fire Magic
 10669 | D:10     | Reached skill level 5 in Ice Magic
 10669 | D:10     | Reached skill level 5 in Air Magic
 10669 | D:10     | Reached skill level 5 in Earth Magic
 10669 | D:10     | Reached skill level 5 in Poison Magic
 10669 | D:10     | Reached skill level 5 in Shapeshifting
 10798 | D:10     | Bought a pair of smoking gloves for 237 gold pieces
 10798 | D:10     | Identified the +1 pair of gloves of Odeac {+Inv rPois MP-9
                  | Str+5} (You bought it in a shop on level 10 of the Dungeon)
 11111 | D:10     | Noticed a centaur warrior
 11122 | D:10     | Killed a centaur warrior
 11327 | D:10     | Found a shadowy altar of Dithmenos.
 11785 | D:11     | Noticed Harold
 11804 | D:11     | HP: 1/75 [Harold/+0 halberd (20)]
 12057 | D:11     | Noticed Maurice
 12066 | D:11     | Killed Maurice
 12135 | D:11     | Found a radiant altar of Vehumet.
 12237 | D:11     | Noticed a boulder beetle
 12261 | D:11     | Killed a boulder beetle
 12327 | D:11     | Killed Harold
 12401 | D:11     | Noticed a boulder beetle
 12419 | D:11     | Killed a boulder beetle
 12420 | D:11     | Reached XP level 12. HP: 64/81 MP: 13/22
 12486 | D:11     | Found a staircase to the Orcish Mines.
 12773 | D:12     | Found a runed translucent door.
 12795 | D:12     | Reached **** piety under Hepliaklqana
 13005 | D:12     | Found a runed translucent gate.
 13006 | D:12     | Found a runed translucent gate.
 13006 | D:12     | Noticed Newt's ghost (journeyman DsFi)
 13007 | D:12     | Found a runed translucent gate.
 13007 | D:12     | Noticed an 11-headed hydra
 13885 | D:12     | Noticed a +1 demon whip of draining
 13886 | D:12     | Found a hide-covered altar of Uskayaw.
 14043 | Lair:1   | Entered Level 1 of the Lair of Beasts
 14329 | Lair:1   | Identified the +4 ring mail of a sewer {Fly rPois}
 14343 | Lair:1   | Reached skill level 10 in Evocations
 15345 | Lair:1   | Found a runed translucent door.
 15348 | Lair:1   | Found a shimmering altar of Xom.
 15348 | Lair:1   | Noticed HilariousDeathArtist's ghost (journeyman TeNe)
 15376 | Lair:1   | Reached XP level 13. HP: 79/89 MP: 14/25
 15648 | Lair:2   | Reached ***** piety under Hepliaklqana
 15981 | Lair:2   | Found a staircase to the Shoals.
 17428 | Lair:3   | Found a transporter.
 17463 | Lair:3   | Noticed Wavoedoo's ghost (journeyman MiFi)
 17490 | Lair:3   | Found a transporter.
 18036 | Lair:3   | Found a hole to the Spider Nest.
 18715 | Lair:4   | Noticed Josephine
 18724 | Lair:4   | Killed Josephine
 18731 | Lair:4   | Reached skill level 10 in Armour
 18731 | Lair:4   | Reached skill level 11 in Evocations
 19383 | Lair:4   | Found a staircase to the Slime Pits.
 19421 | Lair:4   | Found the +7 Spriggan's Knife {stab, EV+4 Stlth+}
 19661 | Lair:5   | Entered Level 5 of the Lair of Beasts
 19806 | Lair:5   | Reached XP level 14. HP: 89/97 MP: 16/27
 19813 | Lair:5   | Noticed Rupert
 19818 | Lair:5   | Paralysed by Rupert for 3 turns
 19824 | Lair:5   | Killed Rupert
 19985 | Lair:5   | Reached skill level 10 in Invocations
 20365 | Lair:5   | Noticed a dire elephant
 20365 | Lair:5   | Noticed a dire elephant
 20365 | Lair:5   | Noticed a dire elephant
 20366 | Lair:5   | Noticed a dire elephant
 20367 | Lair:5   | Noticed a dire elephant
 20390 | Lair:5   | Killed a dire elephant
 22118 | Lair:5   | Reached skill level 10 in Fighting
 22118 | Lair:5   | Reached skill level 10 in Dodging
 22406 | Lair:5   | Identified a scroll of acquirement
 22594 | Lair:5   | Killed a dire elephant
 22595 | Lair:5   | Reached skill level 10 in Stealth
 22861 | Lair:5   | Killed a dire elephant
 23060 | Lair:5   | Killed a dire elephant
 23593 | Lair:5   | Identified the +9 mace "Vaeq" {heavy, Int+4}
 24412 | D:12     | Killed Newt's ghost
 24568 | D:12     | Identified the +3 scimitar of Kiqiaste {freeze, rC+ MP+9}
 24735 | D:12     | Reached XP level 15. HP: 17/103 MP: 28/28
 24986 | Orc:1    | Entered Level 1 of the Orcish Mines
 26076 | D:11     | Reached skill level 10 in Short Blades
 26076 | D:11     | Reached skill level 10 in Long Blades
 26076 | D:11     | Reached skill level 10 in Axes
 26076 | D:11     | Reached skill level 10 in Maces & Flails
 26076 | D:11     | Reached skill level 10 in Polearms
 26076 | D:11     | Reached skill level 10 in Staves
 26076 | D:11     | Reached skill level 10 in Ranged Weapons
 26076 | D:11     | Reached skill level 10 in Throwing
 26076 | D:11     | Reached skill level 10 in Shields
 26076 | D:11     | Reached skill level 10 in Unarmed Combat
 26076 | D:11     | Reached skill level 10 in Spellcasting
 27537 | D:11     | Reached skill level 12 in Evocations
 28038 | Orc:1    | Noticed Urug
 28054 | Orc:1    | Killed Urug
 28334 | Orc:1    | Reached ****** piety under Hepliaklqana
 28609 | Orc:2    | Entered Level 2 of the Orcish Mines
 28936 | Orc:2    | Found Iduj's Antique Armour Shop.
 28945 | Orc:2    | Bought a warped chain mail for 285 gold pieces
 28945 | Orc:2    | Identified the +0 chain mail of the Guardian {Regen+} (You
                  | bought it in a shop on level 2 of the Orcish Mines)
 28947 | Orc:2    | Bought a pitted plate armour for 840 gold pieces
 28947 | Orc:2    | Identified the +8 plate armour "Feimac" {rElec Dex+4} (You
                  | bought it in a shop on level 2 of the Orcish Mines)
 29197 | Orc:2    | Found a staircase to the Elven Halls.
 29294 | Orc:2    | Found Symycol's Weapon Emporium.
 29814 | Orc:2    | Noticed an orc warlord
 30018 | Orc:2    | Killed an orc warlord
 30080 | Orc:2    | Found Onyphoab's Weapon Shop.
 30227 | Orc:2    | Noticed an orc warlord
 30746 | Orc:2    | Found Ragofia's Antique Armour Boutique.
 30748 | Orc:2    | Found Vikiw's Antique Weapon Shop.
 31143 | Lair:1   | Killed HilariousDeathArtist's ghost
 32191 | Lair:3   | Killed Wavoedoo's ghost
 32421 | Lair:3   | Got the Discourse on Different Power
 32943 | D:13     | Acquired the +0 cloak "Piarphowk" {rF+ Regen+ MP+9 Str+3}
 34075 | D:13     | Reached XP level 16. HP: 84/112 MP: 30/30
 34200 | D:13     | Found a gate to the Vaults.
 34812 | D:14     | Identified the +0 chain mail of Bitterness {rPois Str+2}
 35905 | D:15     | Entered Level 15 of the Dungeon
 35933 | D:15     | Found a large runed translucent door.
 35933 | D:15     | Found a large runed translucent door.
 35943 | D:15     | Noticed SirDiesAlot's ghost (journeyman MiFi)
 36425 | D:15     | Identified the +9 rapier of Kyenaovu {heavy, *Slow Dex+3
                  | SInv}
 37307 | D:15     | Found a staircase to the Depths.
 37743 | Spider:1 | Entered Level 1 of the Spider Nest
 38509 | Spider:1 | Reached skill level 13 in Evocations
 38857 | Spider:1 | Noticed Roxanne
 40067 | Spider:2 | Reached XP level 17. HP: 119/119 MP: 32/32
 40752 | Spider:2 | Reached skill level 10 in Conjurations
 40752 | Spider:2 | Reached skill level 10 in Hexes
 40752 | Spider:2 | Reached skill level 10 in Summonings
 40752 | Spider:2 | Reached skill level 10 in Necromancy
 40752 | Spider:2 | Reached skill level 10 in Translocations
 40752 | Spider:2 | Reached skill level 10 in Transmutations
 40752 | Spider:2 | Reached skill level 10 in Fire Magic
 40752 | Spider:2 | Reached skill level 10 in Ice Magic
 40752 | Spider:2 | Reached skill level 10 in Air Magic
 40752 | Spider:2 | Reached skill level 10 in Earth Magic
 40752 | Spider:2 | Reached skill level 10 in Poison Magic
 40752 | Spider:2 | Reached skill level 10 in Shapeshifting
 42880 | Spider:4 | Entered Level 4 of the Spider Nest
 43852 | Spider:3 | HP: 5/121 [emperor scorpion (7)]
 43853 | Spider:3 | Reached XP level 18. HP: 6/126 MP: 34/34
 44480 | Spider:4 | Noticed Donald
 44498 | Spider:4 | Killed Donald
 45100 | Spider:3 | Reached skill level 14 in Evocations
 45744 | Spider:4 | Got a gossamer rune of Zot
 46015 | Shoals:1 | Entered Level 1 of the Shoals
 46950 | Shoals:1 | Shot with an arrow by a deep elf archer

Illustrated notes

Levels and vault maps discovered:
D:1:      minmay_arrival_semitransparent, layout_loops_corners,
          hellmonk_ecumenical_altar_lost_god,
          wander_ebering_terrifying_dragon_lair
D:2:      layout_loops_corners, reono_crystal_passage
D:3:      layout_loops_ring, roderic_roman_lattice, hangedman_decor_points
D:4:      layout_loops_corners, tgw_sif, general_overflow_altar,
          mainiacjoe_overflow_swirl, minmay_surrounded
D:5:      layout_cave_pools, uniq_edmund
D:6:      layout_loops_ring, minmay_temple_entry_grid
D:7:      layout_loops_ring
D:8:      layout_rooms, nicolae_gozag_seed_capital
D:9:      minmay_skewed_foursquare, layout_loops_ring
D:10:     layout_stronghold, mainiacjoe_overflow_alcove_2,
          nicolae_overflow_hidden_temple, erik_lair_orcish_takeover,
          serial_shops, nicolae_stop_n_shop_2, minmay_beelzebubs_servants
D:11:     layout_long_grid, orc_0_dummy, st_stairs_12, nicolae_vehumet_radiance,
          uniq_harold, uniq_maurice
D:12:     layout_gridville, gammafunk_ghost_hydra_chop, nicolae_danse_macabre
D:13:     layout_rooms, hangedman_vaults_entry_quadrant_bands,
          nicolae_burly_brawl
D:14:     layout_long_grid, hex_tiny
D:15:     gammafunk_enter_depths_forms, layout_basic,
          ebering_ghost_disaster_area, grunt_decor_cap, minmay_misc_feat_room
Lair:1:   layout_concentric_octagons, ebering_ghost_xom, grunt_megastairs_4
Lair:2:   minmay_lair_oklob_tunnel, layout_regular_city,
          minmay_shoals_entry_hut, serial_bayou_pond_b
Lair:3:   layout_roguey, hellmonk_spider_entry_life_and_decay,
          nzn_ghost_randoct, serial_bayou_shore_a, lemuel_fruit_fields
Lair:4:   layout_layer_cave, slime_entry_1, st_stairs_11, uniq_josephine
Lair:5:   due_jungle_book, layout_hall_layers, uniq_rupert
Shoals:1: nicolae_shoals_deep_elves_summer_vacation, layout_shoals,
          hangedman_shoals_cup_caves
Spider:1: layout_cave_pods, nicolae_spider_wall_of_niches, uniq_roxanne
Spider:2: layout_spider_delve
Spider:3: layout_spider_delve, nicolae_spider_cling_ruins,
          nicolae_spider_jagged_tunnels
Spider:4: grunt_spider_rune_island, drop_trap, hangedman_spider_mandibles,
          nicolae_spider_scorpion_nest, uniq_donald
Orc:1:    nicolae_orc_accident_3, layout_caves, elves_outpost_lemuel, uniq_urug
Orc:2:    grunt_orc_community_town_hall, layout_diamond_mine,
          grunt_orc_community_big_house_1, grunt_orc_community_big_house_1,
          grunt_orc_community_house_3, grunt_orc_community_house_2,
          grunt_orc_community_house_1, grunt_orc_community_house_1,
          grunt_orc_community_house_3, serial_shops, nicolae_lakefront_shop

Skill      XL: |  1  2  3  4  5  6  7  8  9 10 11 12 13 14 15 16 17 18 |
---------------+-------------------------------------------------------+-----
Invocations    | 1 2 3 4 5 6 7 8 9 10 11 12 13 | 13.9
Short Blades   | 1 2 3 4 5 7 8 9 10 11 12 | 12.8
Long Blades    | 1 2 3 4 5 7 8 9 10 11 12 | 12.8
Axes           | 1 2 3 4 5 7 8 9 10 11 12 | 12.8
Maces & Flails | 1 2 3 4 5 7 8 9 10 11 12 | 12.8
Polearms       | 1 2 3 4 5 7 8 9 10 11 12 | 12.8
Staves         | 1 2 3 4 5 7 8 9 10 11 12 | 12.8
Ranged Weapons | 1 2 3 4 5 7 8 9 10 11 12 | 12.8
Throwing       | 1 2 3 4 5 7 8 9 10 11 12 | 12.8
Shields        | 1 2 3 4 5 7 8 9 10 11 12 | 12.8
Unarmed Combat | 1 2 3 4 5 7 8 9 10 11 12 | 12.8
Spellcasting   | 1 2 3 4 5 7 8 9 10 11 12 | 12.8
Conjurations   | 1 2 3 4 5 6 7 8 9 10 | 10.9
Hexes          | 1 2 3 4 5 6 7 8 9 10 | 10.9
Summonings     | 1 2 3 4 5 6 7 8 9 10 | 10.9
Necromancy     | 1 2 3 4 5 6 7 8 9 10 | 10.9
Translocations | 1 2 3 4 5 6 7 8 9 10 | 10.9
Transmutations | 1 2 3 4 5 6 7 8 9 10 | 10.9
Fire Magic     | 1 2 3 4 5 6 7 8 9 10 | 10.9
Ice Magic      | 1 2 3 4 5 6 7 8 9 10 | 10.9
Air Magic      | 1 2 3 4 5 6 7 8 9 10 | 10.9
Earth Magic    | 1 2 3 4 5 6 7 8 9 10 | 10.9
Poison Magic   | 1 2 3 4 5 6 7 8 9 10 | 10.9
Shapeshifting  | 1 2 3 4 5 6 7 8 9 10 | 10.9
Fighting       | 3 4 5 6 7 8 9 10 11 12 13 | 13.1
Dodging        | 3 4 5 6 7 8 9 10 11 12 13 | 13.1
Stealth        | 3 4 5 6 7 8 9 10 11 12 13 | 13.0
Armour         | 5 6 7 8 9 10 11 12 13 | 13.6
Evocations     | 7 8 9 10 11 12 13 14 | 14.3

Action                     |  1- 3 |  4- 6 |  7- 9 | 10-12 | 13-15 | 16-18 || total
---------------------------+-------+-------+-------+-------+-------+-------++-------
  Melee: Club              |    66 |    13 |       |   128 |       |       ||   207
         Bite              |     8 |    20 |    25 |    52 |   220 |   290 ||   615
         Punch             |     1 |     4 |       |       |       |       ||     5
         Whip              |    91 |   205 |    95 |       |       |       ||   391
         Flail             |       |       |   197 |   315 |   660 |    18 ||  1190
         Scimitar          |       |       |       |       |   605 |  1452 ||  2057
 Invoke: Recall Ancestor   |       |       |     1 |     2 |     8 |     1 ||    12
         Ancestor Life: Ba |       |       |     1 |       |       |       ||     1
  Evoke: Wand              |       |     9 |     7 |     5 |    11 |     6 ||    38
    Use: Potion            |       |       |       |     1 |     1 |     3 ||     5
         Scroll            |       |       |       |       |    25 |    11 ||    36
   Stab: Distracted        |       |       |     1 |    15 |    19 |    36 ||    71
 Armour: Leather armour    |    14 |       |       |       |       |       ||    14
         Ring mail         |    45 |    12 |       |       |       |       ||    57
         Storm dragon scal |       |   126 |   228 |   263 |   324 |       ||   941
         Plate armour      |       |       |       |       |   217 |   965 ||  1182
  Dodge: Dodged            |    90 |    85 |   109 |   246 |   692 |  1394 ||  2616
  Block: Kite shield       |       |    21 |   145 |   290 |   730 |  1347 ||  2533

Table legend: (Time is in decaauts)
 A = Elapsed time spent in this place.
 B = Non-inter-level travel time spent in this place.
 C = Inter-level travel time spent in this place.
 D = Time resting spent in this place.
 E = Time spent auto-exploring this place.
 F = Levels seen in this place.
 G = Mean time per level.
                   A        B        C        D        E       F      G
               +--------+--------+--------+--------+--------+-----+--------+
         Total |  47337 |  45053 |   2284 |  13128 |  23262 |  27 | 1753.2 |
       Dungeon |  23128 |  21771 |   1357 |   6568 |  11627 |  15 | 1541.9 |
          Lair |  11821 |  11292 |    529 |   3237 |   5900 |   5 | 2364.2 |
        Shoals |   1018 |   1018 |      0 |      0 |    728 |   1 | 1018.0 |
   Spider Nest |   8059 |   7827 |    232 |   2851 |   3037 |   4 | 2014.8 |
  Orcish Mines |   3308 |   3144 |    164 |    472 |   1969 |   2 | 1654.0 |
               +--------+--------+--------+--------+--------+-----+--------+

Top non-repeatable levels by time:
    D:11: 4390 daAuts
  Lair:5: 4374 daAuts
Spider:3: 2813 daAuts
  Lair:3: 2385 daAuts
Spider:1: 2364 daAuts
    D:10: 2285 daAuts
    D:12: 2110 daAuts
     D:4: 2005 daAuts
  Lair:2: 1911 daAuts
   Orc:2: 1905 daAuts
Spider:2: 1664 daAuts
  Lair:1: 1641 daAuts
    D:15: 1628 daAuts
    D:13: 1522 daAuts
  Lair:4: 1508 daAuts
